 Dungeon Crawl Stone Soup version 0.23.2-30-g0e89c35649 (webtiles) character file.

Game seed: 10780083888306429767

8036 troglodite the Cudgeler (level 11, -19/81 HPs)
             Began as a Pale Draconian Skald on June 24, 2019.
             Was a Believer of Hepliaklqana.
             Hit by a large rock thrown by a cyclops (29 damage)
             ... on level 11 of the Dungeon.
             The game lasted 00:41:24 (12262 turns).

troglodite the Cudgeler (Pale Draconian Skald)     Turns: 12262, Time: 00:41:25

Health: -19/81     AC: 13    Str: 15    XL:     11   Next: 4%
Magic:  17/18      EV: 13    Int: 16    God:    Hepliaklqana [**....]
Gold:   383        SH:  5    Dex: 10    Spells: 10/20 levels left

rFire    . . .     SeeInvis .   H - +7 whip (vamp)
rCold    . . .     Gourm    .   k - +0 buckler
rNeg     . . .     Faith    .   (armour unavailable)
rPois    .         Spirit   .   L - +0 hat of Cainoxog {rElec MR+ Str+2 Int-5}
rElec    +         Reflect  .   M - +2 cloak
rCorr    .         Harm     .   C - +1 pair of gloves
MR       +....                  s - +0 pair of boots
Stlth    ++........             J - amulet of magic regeneration
HPRegen  0.23/turn              K - +4 ring of slaying
MPRegen  0.41/turn              N - +3 ring of intelligence

@: no status effects
A: breathe steam, unfitting armour, reduced essence, cold-blooded, AC +7
a: Breathe Steam, Recall Ancestor, Ancestor Identity, Renounce Religion


You were on level 11 of the Dungeon.
You worshipped Hepliaklqana.
Hepliaklqana was pleased with you.
You were not hungry.

You visited 2 branches of the dungeon, and saw 12 of its levels.

You collected 608 gold pieces.
You spent 225 gold pieces at shops.

Inventory:

Hand Weapons
 H - a +7 vampiric whip (weapon)
 T - the +5 hunting sling of the Extremes {velocity, *Slow rF- rN+++ Str+6}
   (You found it on level 10 of the Dungeon)

   Any stone fired from it inflicts extra damage.
   It affects your strength (+6).
   It makes you vulnerable to fire.
   It renders you almost immune to negative energy.
   It may slow you when you take damage.
Armour
 k - a +0 buckler (worn)
 s - a +0 pair of boots (worn)
 w - a +0 shield
 C - a +1 pair of gloves (worn)
 L - the +0 hat of Cainoxog (worn) {rElec MR+ Str+2 Int-5}
   (You bought it in a shop on level 4 of the Dungeon)

   It affects your strength (+2).
   It affects your intelligence (-5).
   It insulates you from electricity.
   It affects your resistance to hostile enchantments.
 M - a +2 cloak (worn)
Jewellery
 e - an uncursed ring of flight
 J - an amulet of magic regeneration (around neck)
 K - a +4 ring of slaying (left hand)
 N - a +3 ring of intelligence (right hand)
Wands
 f - a wand of random effects (22)
 I - a wand of disintegration (12)
 P - a wand of polymorph (9)
Scrolls
 a - a scroll of noise {unknown}
 g - 4 scrolls of teleportation
 m - 3 scrolls of amnesia
 n - 7 scrolls of remove curse
 p - a scroll of immolation {unknown}
 r - a scroll of enchant armour {unknown}
 t - a scroll of fog {unknown}
 y - a scroll of blinking {unknown}
 A - 2 scrolls of identify
 G - a scroll of vulnerability {unknown}
 R - a scroll of magic mapping {unknown}
Potions
 b - 2 potions of lignification
 d - 3 potions of flight
 h - 3 potions of cancellation
 i - a potion of magic
 j - 3 potions of brilliance
 l - 3 potions of mutation
 o - 6 potions of heal wounds
 q - a potion of invisibility {unknown}
 u - a potion of resistance {unknown}
 v - 4 potions of curing
 z - 2 potions of agility
 B - a potion of might
 D - 2 potions of haste {unknown}
 E - a potion of berserk rage {unknown}
 S - 2 potions of ambrosia {unknown}
Comestibles
 c - 11 rations


   Skills:
 * Level 6.4 Fighting
 + Level 7.0 Maces & Flails
 + Level 4.5 Dodging
 + Level 2.5 Stealth
 * Level 5.2 Shields
 * Level 5.1 Spellcasting
 * Level 3.7 Conjurations
 * Level 4.3 Hexes
 * Level 5.7 Charms
 * Level 4.6 Necromancy
 * Level 4.2 Air Magic
 * Level 4.8 Evocations


You had 10 spell levels left.
You knew the following spells:

 Your Spells              Type           Power        Failure   Level  Hunger
a - Infusion              Chrm           ###.         1%          1    None
b - Spectral Weapon       Hex/Chrm       ###.....     5%          3    ###....
c - Regeneration          Chrm/Necr      ###.......   5%          3    ###....
d - Swiftness             Chrm/Air       ###.....     3%          2    #......
e - Shock                 Conj/Air       ###.         3%          1    None

Your spell library contained the following spells:

 Spells                   Type           Power        Failure   Level  Hunger
 Song of Slaying          Chrm           ###.....     2%          2    #......
 Shroud of Golubria       Chrm/Tloc      ##........   7%          2    #......
 Static Discharge         Conj/Air       ###.....     9%          3    ###....
 Airstrike                Air            ###.......   26%         4    ####...
 Iskenderun's Battlesphe  Conj/Chrm      ###.....     52%         5    ######.
 Lightning Bolt           Conj/Air       ###.......   63%         5    ######.
 Venom Bolt               Conj/Pois      ##........   89%         5    ######.
 Bolt of Magma            Conj/Fire/Erth #.........   94%         5    ######.
 Iron Shot                Conj/Erth      ##........   100%        6    #######
 Orb of Destruction       Conj           ###.......   100%        7    #######
 Spellforged Servitor     Conj/Summ      ##........   100%        7    #######


Dungeon Overview and Level Annotations

Branches:
Dungeon (11/15)            Temple (1/1) D:7            Lair (0/6) D:8
    Orc: D:9-12

Altars:
Ashenzari
Cheibriados
Dithmenos
Elyvilon
Fedhas
Gozag
Hepliaklqana
Kikubaaqudgha
Makhleb
Nemelex Xobeh
Okawaru
Qazlal
Ru
Sif Muna
Trog
Uskayaw
Vehumet
Wu Jian
Xom
Yredelemnul
Zin
The Shining One

Shops:
D:4 [   D:5 :   D:7 :   D:9 *

Annotations:
D:4 2 runed translucent doors, AdmiralAndromeda's ghost, amateur DDHu


Innate Abilities, Weirdness & Mutations

You can breathe blasts of scalding, opaque steam.
Your pale cyan-grey scales are hard. (AC +7)
You cannot fit into any form of body armour.
You are cold-blooded and may be slowed by cold attacks.
Your life essence is reduced to manifest your ancestor. (-10% HP)


Message History

You whack the centaur warrior skeleton!
The centaur warrior skeleton is severely damaged.
The centaur warrior skeleton barely misses you.
You hit the centaur warrior skeleton.
The centaur warrior skeleton is almost destroyed.
Ku-aya casts a spell at the centaur warrior skeleton.
The centaur warrior skeleton seems to slow down.
The centaur warrior skeleton hits Ku-aya!
You whack the centaur warrior skeleton!
The centaur warrior skeleton is almost destroyed.
Ku-aya hits the centaur warrior skeleton but does no damage.
The centaur warrior skeleton misses you.
You whack the centaur warrior skeleton!
You destroy the centaur warrior skeleton!
The cyclops throws a large rock.
The large rock hits you!!
The cyclops throws a large rock.
The large rock hits you!!
* * * LOW HITPOINT WARNING * * *
You see here a large rock.
The cyclops throws a large rock.
The large rock hits you!!
You die...

................##.............
...........#.........).........
#..........#...................
#.........##...................
..........##...#########.......
....##.....................####
....##.#.#...(.............# .
#.#.....(............... ..
.##.###.#..R.@....... ... ..
..................... ..
........"............ .#
#.....#.#......###### ..
...####.......C.. .# #+
#........... .# #............
.# ##.####...... .. .# ..


You could see the friendly Ku-aya the hexer and a cyclops.

Vanquished Creatures
  Harold (D:10)
  A two-headed ogre (D:11)
  Psyche (D:8)
  2 trolls (D:11)
  Prince Ribbit (D:5)
  Grinder (D:3)
  2 hippogriffs (D:7)
  Sigmund (D:3)
  A hungry ghost (D:6)
  A water moccasin (D:8)
  2 sky beasts
  An eye of draining (D:11)
  2 ice beasts
  2 orc warriors (D:7)
  A black bear (D:10)
  8 ogres
  2 phantoms
  A centaur (D:5)
  Blork the orc (D:5)
  4 scorpions
  4 killer bees (D:9)
  5 howler monkeys
  3 crimson imps
  A centaur zombie (D:10)
  4 hounds
  An orc priest (D:5)
  5 jellies
  A bullfrog skeleton (D:5)
  An orc wizard (D:5)
  3 gnoll shamans
  3 centaur skeletons
  3 iguanas
  8 worker ants
  A hound zombie (D:10)
  15 gnolls
  16 adders
  A shadow imp (D:10)
  2 oozes
  3 adder skeletons
  4 worms
  5 dart slugs
  4 leopard geckos
  19 orcs
  6 bats
  2 bat zombies (D:1)
  8 giant cockroaches
  6 goblins
  12 hobgoblins
  12 jackals
  4 quokkas
  2 frilled lizards
  A jackal skeleton (D:4)
  8 kobolds
  8 rats
217 creatures vanquished.

Vanquished Creatures (collateral kills)
  A hornet (D:7)
  A shadow (D:11)
  An ogre (D:9)
  A bullfrog (D:10)
  A wyvern zombie (D:8)
  A howler monkey (D:10)
  A bullfrog zombie (D:9)
  A crimson imp (D:10)
  An iguana (D:9)
  A worker ant zombie (D:10)
  2 gnolls
  An orc (D:8)
13 creatures vanquished.

Vanquished Creatures (others)
  An ancestor (D:7)
  2 spectral weapons (D:5)
3 creatures vanquished.

Grand Total: 233 creatures vanquished

Notes
Turn   | Place    | Note
-------+----------+-------------------------------------------
     0 | D:1      | troglodite the Draconian Skald began the quest for the Orb.
     0 | D:1      | Reached XP level 1. HP: 17/17 MP: 3/3
   179 | D:1      | Reached XP level 2. HP: 18/24 MP: 5/5
  1373 | D:2      | Reached XP level 3. HP: 27/30 MP: 6/6
  1382 | D:2      | Learned a level 3 spell: Spectral Weapon
  1964 | D:2      | Found a stormy altar of Qazlal.
  2404 | D:2      | Found a shadowy altar of Dithmenos.
  2757 | D:2      | Reached XP level 4. HP: 35/37 MP: 7/7
  2840 | D:2      | Reached skill level 3 in Maces & Flails
  2952 | D:3      | Noticed an ogre
  3253 | D:3      | Learned a level 3 spell: Regeneration
  3471 | D:3      | Noticed Sigmund
  3472 | D:3      | Found an ancient bone altar of Kikubaaqudgha.
  3506 | D:3      | Killed Sigmund
  3506 | D:3      | Reached skill level 1 in Shields
  3506 | D:3      | Reached skill level 1 in Hexes
  3506 | D:3      | Reached XP level 5. HP: 36/45 MP: 5/8
  3506 | D:3      | Reached XP level 6. HP: 40/51 MP: 5/9
  3513 | D:3      | Reached skill level 1 in Necromancy
  3728 | D:3      | Found a shattered altar of Ashenzari.
  4205 | D:3      | Found an ornate altar of the Wu Jian Council.
  4257 | D:3      | Found a shattered altar of Ashenzari.
  4445 | D:3      | Found a bloodstained altar of Trog.
  4584 | D:4      | Noticed Grinder
  4588 | D:4      | Reached skill level 4 in Maces & Flails
  4588 | D:4      | Your scales start taking on a pale cyan-grey colour.
  4588 | D:4      | Reached XP level 7. HP: 31/57 MP: 9/11
  4601 | D:3      | Killed Grinder
  4627 | D:3      | HP: 4/88 [poisoned by an adder]
  4633 | D:3      | HP: 4/88 [poisoned by an adder]
  4641 | D:3      | HP: 3/88 [poisoned by an adder]
  5116 | D:4      | Reached skill level 1 in Stealth
  5136 | D:3      | Found an ancient bone altar of Kikubaaqudgha.
  5258 | D:4      | Reached XP level 8. HP: 60/67 MP: 12/12
  5309 | D:4      | Found Aniovvo's Antique Armour Boutique.
  5735 | D:4      | Found a large runed translucent door.
  5735 | D:4      | Found a large runed translucent door.
  5735 | D:4      | Noticed AdmiralAndromeda's ghost (amateur DDHu)
  5949 | D:5      | Entered Level 5 of the Dungeon
  6037 | D:5      | Found a radiant altar of Vehumet.
  6069 | D:5      | Reached skill level 1 in Evocations
  6232 | D:5      | Found Duxteer's Book Shop.
  6484 | D:5      | Reached skill level 5 in Maces & Flails
  6484 | D:5      | Noticed Prince Ribbit
  6485 | D:5      | Noticed Blork the orc
  6757 | D:5      | Learned a level 2 spell: Swiftness
  6759 | D:5      | Learned a level 1 spell: Shock
  7116 | D:5      | Killed Blork the orc
  7125 | D:5      | Killed Prince Ribbit
  7375 | D:5      | Found a blossoming altar of Fedhas.
  7608 | D:6      | Reached skill level 1 in Conjurations
  7608 | D:6      | Reached skill level 1 in Air Magic
  7731 | D:6      | Reached XP level 9. HP: 55/73 MP: 14/14
  8400 | D:7      | Found Oclum's Book Boutique.
  8411 | D:7      | Reached skill level 5 in Fighting
  8620 | D:7      | Found a staircase to the Ecumenical Temple.
  8633 | Temple   | Entered the Ecumenical Temple
  8833 | Temple   | Became a worshipper of Hepliaklqana the Forgotten
  9610 | D:7      | Reached skill level 6 in Maces & Flails
  9618 | D:7      | Reached skill level 5 in Charms
  9787 | D:8      | Noticed Psyche
  9794 | D:8      | Killed Psyche
  9799 | D:8      | Found a basalt altar of Yredelemnul.
  9804 | D:8      | Reached XP level 10. HP: 74/74 MP: 16/16
  9853 | D:8      | Found a glowing silver altar of Zin.
  9866 | D:8      | Found a staircase to the Lair.
  9894 | D:8      | Found a shimmering altar of Xom.
 10171 | D:8      | Found a snail-covered altar of Cheibriados.
 10178 | D:8      | Reached * piety under Hepliaklqana
 10707 | D:9      | Found Vistraumm's Assorted Antiques.
 10826 | D:4      | Bought a distressingly furry hat for 225 gold pieces
 10831 | D:4      | Identified the +0 hat of Cainoxog {rElec MR+ Str+2 Int-5}
                  | (You bought it in a shop on level 4 of the Dungeon)
 11415 | D:10     | Entered Level 10 of the Dungeon
 11425 | D:10     | Noticed Harold
 11442 | D:10     | Killed Harold
 11592 | D:10     | Reached ** piety under Hepliaklqana
 11593 | D:10     | Remembered your ancestor Ku-aya as a hexer
 11668 | D:10     | Got a translucent hunting sling
 11675 | D:10     | Identified the +5 hunting sling of the Extremes {velocity,
                  | *Slow rF- rN+++ Str+6} (You found it on level 10 of the
                  | Dungeon)
 11869 | D:11     | Reached skill level 5 in Shields
 11993 | D:11     | Noticed a two-headed ogre
 12000 | D:11     | Reached skill level 5 in Spellcasting
 12005 | D:11     | Killed a two-headed ogre
 12005 | D:11     | Reached skill level 7 in Maces & Flails
 12246 | D:11     | Reached XP level 11. HP: 77/81 MP: 11/18
 12262 | D:11     | Hit by a large rock thrown by a cyclops

Skill      XL: |  1  2  3  4  5  6  7  8  9 10 |
---------------+-------------------------------+-----
Charms         | 3 4 5 |  5.7
Maces & Flails | 3 4 5 6 7 |  7.0
Fighting       | 3 4 5 6 |  6.4
Shields        | 1 2 3 4 5 |  5.2
Hexes          | 1 2 3 4 |  4.3
Necromancy     | 1 2 3 4 |  4.6
Dodging        | 3 4 |  4.5
Spellcasting   | 3 4 5 |  5.1
Stealth        | 1 2 |  2.5
Evocations     | 2 3 4 |  4.8
Conjurations   | 1 2 3 |  3.7
Air Magic      | 1 2 4 |  4.2

Action                   |  1- 3 |  4- 6 |  7- 9 | 10-12 || total
-------------------------+-------+-------+-------+-------++-------
Melee: Mace              |   144 |   155 |   221 |       ||   520
       Tailslap          |    11 |    12 |    40 |    25 ||    88
       Whip              |       |       |   195 |   198 ||   393
 Cast: Infusion          |     1 |     2 |       |       ||     3
       Spectral Weapon   |       |     4 |    17 |    11 ||    32
       Regeneration      |       |       |     4 |       ||     4
Invok: Recall Ancestor   |       |       |     1 |       ||     1
       Ancestor Life: He |       |       |       |     1 ||     1
 Abil: Breathe Steam     |       |       |     2 |       ||     2
  Use: Scroll            |       |       |    13 |     6 ||    19
       Potion            |       |       |     1 |       ||     1
 Stab: Distracted        |       |     1 |     2 |     3 ||     6
       Sleeping          |       |       |     2 |     1 ||     3
  Eat: Chunk             |     6 |     6 |    19 |     7 ||    38
       Ration            |       |       |     3 |     2 ||     5
Armor: Skin              |    63 |    72 |   202 |    42 ||   379
Dodge: Dodged            |   108 |   153 |   331 |    74 ||   666
Block: Buckler           |       |       |    33 |    26 ||    59
